[Event "Titled Tuesday Blitz January 03 Late 2023"]
[White "Lenderman, Aleksandr"]
[Black "Tristan, Leonardo"]
[WhiteFideId "2021285"]
[BlackFideId "113816"]
[WhiteElo "2572"]
[BlackElo "2545"]
[Result "1-0"]
[Round "05"]
[TimeControl "180+2"]
[Date "2023.01.03"]
[WhiteClock "0:00:59"]
[BlackClock "0:00:15"]

1. Nf3 d5 2. e3 Nf6 3. c4 e6 4. Nc3 b6 5. cxd5 exd5 6. g3 Bd6 7. Bg2 O-O 8. O-O Bb7 9. b3 Re8 10. Bb2 Nbd7 11. Rc1 a6 12. Ne2 a5 13. Ned4 Bf8 14. Nc6 Qc8 15. Bh3 Bxc6 16. Rxc6 Qb7 17. Rc1 a4 18. bxa4 c5 19. Qc2 g6 20. Bxd7 Nxd7 21. Bc3 Bg7 22. d4 c4 23. Rb1 Qc6 24. Rb5 Ra6 25. Rfb1 Rea8 26. a5 bxa5 27. a4 h6 28. h4 Qe6 29. Kg2 Nf6 30. Be1 Ne4 31. Ng1 Bf8 32. Ne2 Nd6 33. Nf4 Nxb5 34. axb5 Qe4+ 35. Qxe4 dxe4 36. bxa6 Rxa6 37. Rb8 Kg7 38. Bc3 a4 39. d5+ 1-0


[Site "https://www.chess.com"]

[Event "Titled Tuesday Blitz January 03 Late 2023"]
[White "Grigoriants, Sergey"]
[Black "Domingo Nunez, Ruben"]
[WhiteFideId "4130804"]
[BlackFideId "22245570"]
[WhiteElo "2562"]
[BlackElo "2416"]
[Result "1-0"]
[Round "05"]
[TimeControl "180+2"]
[Date "2023.01.03"]
[WhiteClock "0:00:04"]
[BlackClock "0:00:09"]

1. d4 g6 2. e4 Bg7 3. Nf3 c6 4. Bd3 d5 5. e5 Bg4 6. Nbd2 f6 7. h3 Bxf3 8. Nxf3 fxe5 9. Nxe5 Nd7 10. f4 Nxe5 11. fxe5 e6 12. O-O Nh6 13. Bxh6 Bxh6 14. Qg4 Qe7 15. Bxg6+ hxg6 16. Qxg6+ Kd8 17. Rf7 Be3+ 18. Kh1 Qe8 19. c3 Kc8 20. Raf1 a5 21. R1f6 Kb8 22. Rxe6 Qg8 23. Rg7 Qf8 24. Rf6 Qd8 25. Rff7 Qc8 26. e6 Ka7 27. Qg3 Qxe6 28. Rxb7+ Ka6 29. Rbe7 Qf5 30. Qxe3 Qf1+ 31. Kh2 Rhg8 32. Rxg8 Rxg8 33. Qe2+ Qxe2 34. Rxe2 Kb5 35. b3 a4 36. g4 Rf8 37. Rg2 Rf3 38. g5 Rf7 39. g6 Rg7 40. h4 c5 41. h5 1-0


[Site "https://www.chess.com"]

[Event "Titled Tuesday Blitz January 03 Late 2023"]
[White "Makarian, Rudik"]
[Black "Korchmar, Vasiliy"]
[WhiteFideId "44105681"]
[BlackFideId "24131750"]
[WhiteElo "2545"]
[BlackElo "2438"]
[Result "1-0"]
[Round "05"]
[TimeControl "180+2"]
[Date "2023.01.03"]
[WhiteClock "0:00:18"]
[BlackClock "0:00:01"]

1. d4 Nf6 2. c4 c6 3. Nf3 d5 4. Nc3 e6 5. g3 dxc4 6. Bg2 Nbd7 7. O-O Bd6 8. Bg5 O-O 9. Nd2 Nb6 10. Qc2 h6 11. Bxf6 Qxf6 12. Nce4 Qe7 13. Nxc4 Nxc4 14. Qxc4 e5 15. d5 cxd5 16. Qxd5 Bc7 17. Rac1 Bb6 18. Qd6 Re8 19. Rfd1 Bg4 20. Nc3 Bd4 21. Qxe7 Rxe7 22. h3 Bxc3 23. hxg4 Bxb2 24. Rb1 Bd4 25. Bxb7 Rb8 26. Bd5 Rxb1 27. Rxb1 Bb6 28. e3 g6 29. Kg2 Kg7 30. Be4 Rd7 31. Rb2 Kf6 32. Rc2 Rc7 33. Rd2 Ke7 34. Kf3 Rd7 35. Rc2 Rc7 36. Rb2 Ke6 37. Bc2 f5 38. Bb3+ Kf6 39. gxf5 gxf5 40. Rd2 Ke7 41. Rd5 Rc5 42. Rd1 Rc7 43. Rh1 Rc6 44. Rh5 Rf6 45. Ke2 Bc5 46. Bc2 e4 47. g4 Kd6 48. gxf5 Ke5 49. Rh4 Rxf5 50. Rxe4+ Kd5 51. Rh4 Rf6 52. Rh5+ Kd6 53. Bb3 Bb6 54. f4 Ke7 55. Kf3 Kf8 56. e4 Bc7 57. e5 1-0


[Site "https://www.chess.com"]

[Event "Titled Tuesday Blitz January 03 Late 2023"]
[White "Ibarra Jerez, Jose Carlos"]
[Black "Godzwon, Iwo"]
[WhiteFideId "2226332"]
[BlackFideId "21802483"]
[WhiteElo "2563"]
[BlackElo "2394"]
[Result "1-0"]
[Round "05"]
[TimeControl "180+2"]
[Date "2023.01.03"]
[WhiteClock "0:00:30"]
[BlackClock "0:01:03"]

1. e4 c5 2. Nc3 e6 3. Nge2 Nc6 4. d4 cxd4 5. Nxd4 Qc7 6. g3 Nf6 7. Bf4 Ne5 8. Ndb5 Qb8 9. Be2 a6 10. Qd4 d6 11. O-O-O axb5 12. Bxe5 Bd7 13. Bxf6 gxf6 14. Bxb5 Bxb5 15. Nxb5 Rxa2 16. Kb1 Ra6 17. Qxf6 Rg8 18. Rd3 Ra5 19. Rb3 Be7 20. Qc3 Bd8 21. Rd1 Qa8 22. Nxd6+ Kf8 23. Ra3 Rxa3 24. Qxa3 Qxa3 25. bxa3 b6 26. Ka2 Ke7 27. Nb5 Rg5 28. a4 Rc5 29. Kb3 h5 30. Rd3 h4 31. g4 Re5 32. Nd4 Rxe4 33. Nc6+ Kf6 34. Rf3+ Kg7 35. Nxd8 1-0


[Site "https://www.chess.com"]

[Event "Titled Tuesday Blitz January 03 Late 2023"]
[White "Kuzmicz, Krystian"]
[Black "Svane, Frederik"]
[WhiteFideId "1119125"]
[BlackFideId "12923044"]
[WhiteElo "2466"]
[BlackElo "2600"]
[Result "1-0"]
[Round "05"]
[TimeControl "180+2"]
[Date "2023.01.03"]
[WhiteClock "0:00:49"]
[BlackClock "0:00:12"]

1. e4 c6 2. Nf3 d5 3. d3 Qc7 4. g3 dxe4 5. dxe4 e5 6. Bg2 Bc5 7. O-O Ne7 8. c3 a5 9. Re1 O-O 10. Be3 Na6 11. Nbd2 Rd8 12. Qc2 Bxe3 13. Rxe3 Nc5 14. Nb3 Nxb3 15. axb3 Be6 16. Ng5 Bd7 17. Bf1 h6 18. Nf3 b5 19. Rd1 Bg4 20. Be2 Bxf3 21. Rxf3 Rxd1+ 22. Qxd1 Rd8 23. Rd3 Rxd3 24. Qxd3 Nc8 25. Qe3 Qb6 26. Qd3 Qc7 27. Qe3 Kf8 28. Bg4 Nd6 29. Qc5 f6 30. f3 Ke8 31. Kg2 g5 32. Be6 Ke7 33. Bg4 Ke8 34. Kf2 Ke7 35. h4 Kd8 36. Ke2 Ke7 37. hxg5 hxg5 38. Qg1 Qb8 39. Qh2 Qg8 40. Qg1 Qxb3 41. Qa7+ Kf8 42. Qb8+ Ne8 43. Bh5 Qe6 44. Qd8 a4 45. Bxe8 Qxe8 46. Qxf6+ Qf7 47. Qxc6 Qb3 48. Qf6+ Ke8 49. Qxe5+ Kd7 50. Qd5+ Qxd5 51. exd5 Kd6 52. f4 gxf4 53. gxf4 Kxd5 54. Kd3 Kc5 55. f5 Kd5 56. f6 Ke6 57. Kd4 Kxf6 58. Kc5 Ke5 59. Kxb5 Kd5 60. Kxa4 Kc4 61. b4 Kd5 62. Ka5 Kc4 63. b5 Kb3 64. b6 Ka3 65. b7 Ka2 66. b8=Q Ka3 67. c4 Ka2 68. c5 Ka1 1-0


[Site "https://www.chess.com"]

[Event "Titled Tuesday Blitz January 03 Late 2023"]
[White "Oliveira, Silvio Eduardo"]
[Black "Jaracz, Pawel"]
[WhiteFideId "2111560"]
[BlackFideId "1102222"]
[WhiteElo "2297"]
[BlackElo "2467"]
[Result "1-0"]
[Round "05"]
[TimeControl "180+2"]
[Date "2023.01.03"]
[WhiteClock "0:00:49"]
[BlackClock "0:00:01"]

1. e4 c6 2. d4 d5 3. exd5 cxd5 4. Bd3 Nc6 5. c3 Nf6 6. h3 g6 7. Nf3 Bf5 8. Ne5 Bxd3 9. Nxd3 Bg7 10. O-O O-O 11. Re1 Ne4 12. Bf4 Rc8 13. Nd2 Nd6 14. h4 h6 15. Qf3 e6 16. g4 Na5 17. Kg2 Nac4 18. Nxc4 Nxc4 19. h5 g5 20. Bg3 Qb6 21. Qe2 Rce8 22. f4 gxf4 23. Bxf4 Nd6 24. g5 hxg5 25. h6 Bf6 26. h7+ Kh8 27. Be5 Qd8 28. Rh1 Bxe5 29. Nxe5 Nf5 30. Raf1 Qf6 31. Rh5 Qg7 32. Nd7 Qg6 33. Rh2 Nh4+ 34. Kh1 f5 35. Nxf8 Rxf8 36. Rg1 Qh6 37. Qe5+ Kxh7 38. Qc7+ Kg6 39. Qe7 Rf6 40. Qe8+ Kg7 41. Qe7+ Kg6 42. c4 f4 43. cxd5 exd5 44. Qe8+ Kg7 45. Qd7+ Kg6 46. Qxd5 Qh5 47. Qg8+ Kf5 48. Qc8+ Re6 49. Rh3 Kf6 50. Qd8+ Kg6 51. Qg8+ Kf6 52. Qf8+ Kg6 53. Qxf4 1-0


[Site "https://www.chess.com"]

[Event "Titled Tuesday Blitz January 03 Late 2023"]
[White "Babazada, Khazar"]
[Black "Garcia Ramos, Daniel"]
[WhiteFideId "13413554"]
[BlackFideId "32010311"]
[WhiteElo "2474"]
[BlackElo "2442"]
[Result "1-0"]
[Round "05"]
[TimeControl "180+2"]
[Date "2023.01.03"]
[WhiteClock "0:00:18"]
[BlackClock "0:00:05"]

1. e4 c6 2. d4 d5 3. Nc3 dxe4 4. Nxe4 Nf6 5. Nxf6+ exf6 6. c3 Bd6 7. Bd3 O-O 8. Ne2 Re8 9. Qc2 h5 10. O-O h4 11. Bd2 h3 12. Ng3 hxg2 13. Rfe1 Be6 14. Qd1 g6 15. Qf3 Nd7 16. h4 Bd5 17. Qg4 Nf8 18. h5 Bxg3 19. Qxg3 Qd7 20. hxg6 fxg6 21. c4 Qh7 22. f3 Rxe1+ 23. Rxe1 Qh1+ 24. Kf2 Bf7 25. Bc3 Re8 26. Qxg2 Rxe1 27. Bxe1 Qh4+ 28. Ke2 Qxd4 29. Bc3 Qf4 30. b3 Kg7 31. Qf2 b6 32. Be4 c5 33. Bd2 Qd6 34. Qe3 Ne6 35. Qh6+ Kg8 36. Kf2 Qd4+ 37. Ke2 f5 38. Bd5 Nf8 39. Bxf7+ Kxf7 40. Qh2 Nd7 41. Qh7+ Qg7 42. Qh4 Qe5+ 43. Kd3 Nf6 44. Bc3 Qd6+ 45. Kc2 Qe6 46. Kb2 a6 47. a4 a5 48. Qh2 Qe7 49. Qh8 Qe2+ 50. Ka3 Qe6 51. Qb8 Nd7 52. Qc7 Ke8 53. f4 Qe7 54. Qc6 Kf7 55. Qh1 Qe6 56. Qh7+ Ke8 57. Qg7 Nf8 58. Be5 Qf7 59. Qh6 Ne6 60. Qh1 Qe7 61. Qa8+ Kf7 62. Qh8 Nd4 63. Qg7+ Ke8 64. Qxg6+ Kd7 65. Qxb6 Nc2+ 66. Kb2 Nb4 67. Qxa5 Nd3+ 68. Kc3 Nxe5 69. Qa7+ Ke6 70. Qxe7+ Kxe7 71. fxe5 Ke6 72. a5 Kxe5 73. a6 Kd6 74. a7 1-0


[Site "https://www.chess.com"]

[Event "Titled Tuesday Blitz January 03 Late 2023"]
[White "Remizov, Yaroslav"]
[Black "Domingo Nunez, Alejandro"]
[WhiteFideId "34134015"]
[BlackFideId "22245561"]
[WhiteElo "2421"]
[BlackElo "2338"]
[Result "0-1"]
[Round "05"]
[TimeControl "180+2"]
[Date "2023.01.03"]
[WhiteClock "0:00:01"]
[BlackClock "0:00:13"]

1. e4 g6 2. g3 Bg7 3. Bg2 c5 4. Ne2 Nc6 5. O-O e6 6. c3 d5 7. d3 Nge7 8. Qc2 O-O 9. Nd2 e5 10. exd5 Nxd5 11. Ne4 b6 12. a3 Bf5 13. Rd1 Rc8 14. h3 h6 15. Kh2 Be6 16. Qa4 f5 17. Nd2 Qd7 18. b4 cxb4 19. axb4 Nde7 20. Ba3 Rfd8 21. Nf3 Qc7 22. d4 e4 23. Ne1 Qb7 24. Nf4 b5 25. Qc2 Bf7 26. Qb1 g5 27. Ne2 Bc4 28. Ng1 Nd5 29. Bb2 Re8 30. Nc2 Bd3 31. Rxd3 exd3 32. Bxd5+ Kh8 33. Ne3 Qd7 34. Bg2 f4 35. gxf4 gxf4 36. Ng4 h5 37. Qxd3 hxg4 38. hxg4 Ne5 39. Qh3+ Kg8 40. dxe5 Rxe5 41. Nf3 Re6 42. g5 Qf7 43. Rd1 Rce8 44. Nd4 Re5 45. g6 Qxg6 46. Bf3 Rg5 47. Nc6 Qf6 48. Be4 Rxe4 49. Rd8+ Kf7 0-1


[Site "https://www.chess.com"]

[Event "Titled Tuesday Blitz January 03 Late 2023"]
[White "Sanal, Vahap"]
[Black "Abrahamyan, Tatev"]
[WhiteFideId "6300545"]
[BlackFideId "13301918"]
[WhiteElo "2600"]
[BlackElo "2294"]
[Result "0-1"]
[Round "05"]
[TimeControl "180+2"]
[Date "2023.01.03"]
[WhiteClock "0:00:01"]
[BlackClock "0:00:06"]

1. e4 e6 2. d3 d5 3. Nd2 Nf6 4. g3 c5 5. Bg2 Nc6 6. Ngf3 Be7 7. O-O b6 8. Qe2 Bb7 9. e5 Nd7 10. c4 dxc4 11. dxc4 Qc7 12. Re1 g5 13. Ne4 g4 14. Nh4 Ndxe5 15. Bf4 Nd4 16. Qe3 O-O-O 17. Nc3 f6 18. Rec1 Bxg2 19. Nxg2 Ndf3+ 20. Kh1 Qb7 21. Rd1 h5 22. Bxe5 Nxe5 23. Qe2 h4 24. Rxd8+ Bxd8 25. Qe4 hxg3 26. fxg3 Nf3 27. h4 gxh3 28. Nf4 Qxe4 29. Nxe4 e5 30. Nd5 Nd4 31. Rf1 f5 32. Nd6+ Kd7 33. Nxf5 Rf8 34. Nfe3 Rxf1+ 35. Nxf1 Ke6 36. Kh2 Kf5 37. Kxh3 Ke4 38. g4 Kd3 39. b4 cxb4 40. Kg3 Kxc4 41. Nfe3+ Kd3 42. Nf5 e4 43. Kf4 Ne2+ 44. Ke5 Nc3 45. Nf4+ Kd2 46. Ne6 e3 47. Nxe3 Bh4 0-1


[Site "https://www.chess.com"]

[Event "Titled Tuesday Blitz January 03 Late 2023"]
[White "Popilski, Gil"]
[Black "Holt, Conrad"]
[WhiteFideId "2809060"]
[BlackFideId "2034387"]
[WhiteElo "2443"]
[BlackElo "2540"]
[Result "0-1"]
[Round "05"]
[TimeControl "180+2"]
[Date "2023.01.03"]
[WhiteClock "0:00:01"]
[BlackClock "0:01:18"]

1. e4 e6 2. d4 d5 3. Nd2 c5 4. Ngf3 cxd4 5. Nxd4 Nf6 6. exd5 Nxd5 7. N2f3 Bb4+ 8. Bd2 O-O 9. Bc4 Qb6 10. c3 Be7 11. b4 Rd8 12. O-O Nc6 13. Nxc6 bxc6 14. Qe2 a5 15. a3 Bf6 16. Rac1 axb4 17. axb4 Ra3 18. Ne5 Qc7 19. f4 Nb6 20. Bd3 g6 21. Be1 Nd5 22. Qe4 c5 23. b5 Bb7 24. Nc6 Nxc3 25. Qc4 Bxc6 26. bxc6 Ra4 0-1


[Site "https://www.chess.com"]

[Event "Titled Tuesday Blitz January 03 Late 2023"]
[White "Pichot, Alan"]
[Black "Gascon Del Nogal, Jose Rafael"]
[WhiteFideId "110973"]
[BlackFideId "3902463"]
[WhiteElo "2638"]
[BlackElo "2459"]
[Result "1-0"]
[Round "05"]
[TimeControl "180+2"]
[Date "2023.01.03"]
[WhiteClock "0:00:45"]
[BlackClock "0:00:02"]

1. c4 e5 2. g3 Nc6 3. Bg2 Bc5 4. e3 a6 5. Ne2 Ba7 6. d4 exd4 7. exd4 d5 8. cxd5 Nce7 9. Nbc3 Nf6 10. Bg5 Bg4 11. Bxf6 gxf6 12. Qb3 O-O 13. O-O Nf5 14. Qc2 Bxe2 15. Qxf5 Bxf1 16. Rxf1 Qc8 17. Qxf6 Qd8 18. Qf5 Qd6 19. Ne4 Qg6 20. Qe5 f5 21. Nc5 Bxc5 22. dxc5 Rae8 23. Qxc7 f4 24. d6 f3 25. Bh3 Re2 26. d7 Rd2 27. Qe5 Qh6 28. Be6+ Rf7 29. Bxf7+ Kxf7 30. Qe8+ 1-0


[Site "https://www.chess.com"]

[Event "Titled Tuesday Blitz January 03 Late 2023"]
[White "Abdisalimov, Abdimalik"]
[Black "Kim, Yoon-Young"]
[WhiteFideId "14206323"]
[BlackFideId "30908779"]
[WhiteElo "2492"]
[BlackElo "2304"]
[Result "1-0"]
[Round "05"]
[TimeControl "180+2"]
[Date "2023.01.03"]
[WhiteClock "0:01:32"]
[BlackClock "0:00:10"]

1. d4 Nf6 2. c4 e6 3. Nc3 Bb4 4. e3 O-O 5. Bd3 d5 6. Nf3 c5 7. cxd5 cxd4 8. exd4 exd5 9. O-O Nc6 10. Bg5 Be6 11. Re1 h6 12. Bh4 Rc8 13. Rc1 Be7 14. Bb1 Bg4 15. Qd3 Nb4 16. Qe3 Re8 17. Ne5 Be6 18. a3 Nc6 19. Qd3 g5 20. Bg3 Qb6 21. Na4 Qa5 22. Nc5 Bxc5 23. dxc5 Nxe5 24. Bxe5 Ne4 25. b4 Qd8 26. f3 Nf6 27. Re2 b6 28. c6 Qe7 29. b5 Kg7 30. Rce1 Rh8 31. Bd4 Qd6 32. Rxe6 1-0


[Site "https://www.chess.com"]

[Event "Titled Tuesday Blitz January 03 Late 2023"]
[White "Mardov, Dimitar"]
[Black "Shuvalova, Polina"]
[WhiteFideId "30919495"]
[BlackFideId "24171760"]
[WhiteElo "2456"]
[BlackElo "2484"]
[Result "1/2-1/2"]
[Round "05"]
[TimeControl "180+2"]
[Date "2023.01.03"]
[WhiteClock "0:00:06"]
[BlackClock "0:00:12"]

1. d4 Nf6 2. c4 e6 3. Nf3 d5 4. Nc3 Nbd7 5. Bf4 dxc4 6. e3 b5 7. Nxb5 Bb4+ 8. Nc3 Nd5 9. Rc1 Nxf4 10. exf4 Nb6 11. Bxc4 O-O 12. Bd3 Bb7 13. a3 Bxc3+ 14. bxc3 Qd6 15. O-O Qxf4 16. Ne5 Rac8 17. a4 a5 18. Rb1 Qg5 19. g3 Ba8 20. Rb5 Qe7 21. Rxa5 c5 22. Rxc5 Rxc5 23. dxc5 Qxc5 24. Re1 Qxc3 25. Re3 Qc5 26. Be4 h6 27. Bxa8 Rxa8 28. Nxf7 Rxa4 29. Ne5 Rd4 30. Qf3 Qd5 31. Qf7+ Kh7 32. Qg6+ Kg8 33. Nf3 Rd1+ 34. Kg2 Nd7 35. Rxe6 Nf8 36. Re8 Rd3 37. Qe4 Qxe4 38. Rxe4 Rd7 39. Re2 Rf7 40. h4 Ng6 41. Nd4 Kh7 42. Ne6 Kg8 43. Nc5 Nf8 44. Nd3 Rd7 45. Nf4 Rf7 46. Ra2 g5 47. hxg5 hxg5 48. Nh3 Ne6 49. Ra5 g4 50. Ng5 Nxg5 51. Rxg5+ Rg7 52. Rf5 Rg6 53. Kf1 Kg7 54. Ke2 Re6+ 55. Kd3 Kg6 56. Rd5 Re7 57. Kd2 Re6 58. Rc5 Re7 59. Kd3 Re6 60. Rc4 Kg5 61. Re4 Rd6+ 62. Ke2 Rf6 63. Ke3 Rf5 64. Re8 Rf3+ 65. Ke2 Rf7 66. Rg8+ Kf5 67. Ra8 Kg5 68. Ra5+ Kg6 69. Ra4 Kg5 70. Ke3 Re7+ 71. Re4 Rf7 72. Re5+ Kg6 73. Rd5 Rf3+ 74. Ke2 Rf7 75. Rd3 Kg5 76. Re3 Rf6 77. Ke1 Rf7 78. Re2 Rf6 79. Kd2 Rf7 80. Kc3 Rc7+ 81. Kd4 Rd7+ 82. Kc5 Rc7+ 83. Kd6 Rc3 84. Ke6 Rf3 85. Re5+ Kg6 86. Re2 Kg5 87. Ke7 Kg6 88. Ke8 Kf6 89. Kd7 Kf5 90. Kd6 Kf6 91. Kd5 Kf5 92. Kd4 Kg5 93. Ke4 Rf8 94. Ra2 Re8+ 95. Kd3 Rd8+ 96. Ke2 Re8+ 97. Kf1 Rf8 98. Kg2 Rf7 99. Ra3 Kg6 100. Ra5 Rf8 101. Rd5 1/2-1/2


[Site "https://www.chess.com"]

[Event "Titled Tuesday Blitz January 03 Late 2023"]
[White "Vasquez Schroeder, Rodrigo"]
[Black "Atanasov, Anthony"]
[WhiteFideId "3400042"]
[BlackFideId "2623897"]
[WhiteElo "2524"]
[BlackElo "2368"]
[Result "0-1"]
[Round "05"]
[TimeControl "180+2"]
[Date "2023.01.03"]
[WhiteClock "0:00:49"]
[BlackClock "0:00:16"]

1. e4 e5 2. Nf3 Nf6 3. d3 Nc6 4. c3 Bc5 5. Be2 d6 6. O-O h6 7. b4 Bb6 8. a4 a5 9. b5 Ne7 10. Nbd2 O-O 11. Nc4 Be6 12. Nxb6 cxb6 13. Ba3 Rc8 14. c4 Ng6 15. g3 Re8 16. Kg2 Qd7 17. Ng1 Nh7 18. f4 exf4 19. gxf4 Nh4+ 20. Kg3 g5 21. Bb2 Qe7 22. f5 Bxc4 23. dxc4 Qxe4 24. Qd5 Qxd5 25. cxd5 Rc2 26. Bd4 Rexe2 27. Nxe2 Rxe2 28. Rae1 Rxe1 29. Rxe1 Nxf5+ 30. Kg4 Nxd4 31. Re7 Nf6+ 32. Kh3 Nxd5 33. Rxb7 Kg7 34. Rd7 Nf5 35. Kg4 Nf6+ 0-1


[Site "https://www.chess.com"]

[Event "Titled Tuesday Blitz January 03 Late 2023"]
[White "Zeynalli, Rashad"]
[Black "Kravtsiv, Martyn"]
[WhiteFideId "13403320"]
[BlackFideId "14113147"]
[WhiteElo "2200"]
[BlackElo "2598"]
[Result "0-1"]
[Round "05"]
[TimeControl "180+2"]
[Date "2023.01.03"]
[WhiteClock "0:00:10"]
[BlackClock "0:00:29"]

1. d4 d5 2. Bf4 Nf6 3. e3 c5 4. Nf3 Nc6 5. Nbd2 e6 6. c3 Bd6 7. Bg3 O-O 8. Bd3 g6 9. Ne5 Nh5 10. Ndf3 Ne7 11. Bh4 f6 12. Ng4 Nf5 13. Bxf5 exf5 14. Nge5 cxd4 15. cxd4 Qa5+ 16. Kf1 fxe5 17. dxe5 Bc7 18. b4 Qa6+ 19. Kg1 Be6 20. Rc1 Rac8 21. h3 Rfe8 22. a4 Bb8 23. Rxc8 Rxc8 24. g4 fxg4 25. hxg4 Bxg4 26. Qxd5+ Be6 27. Qd2 Qxa4 28. Ng5 Qd7 29. Qe2 Rc1+ 30. Kg2 Rxh1 31. Kxh1 Bxe5 32. f4 Bf6 33. Kh2 Bxg5 34. Bxg5 Ng7 35. Bf6 Ne8 36. Bd4 a6 37. Qc2 Kf7 38. Kg3 Qc6 39. Qh2 h5 40. Qh4 Qd5 41. Kh2 Bf5 42. Qg5 Be4 43. Qg1 Qa2+ 44. Kg3 Nd6 45. Kh4 Qg2 46. Qxg2 Bxg2 47. Kg3 Be4 0-1


[Site "https://www.chess.com"]

[Event "Titled Tuesday Blitz January 03 Late 2023"]
[White "Goroshkov, Maksym"]
[Black "Boros, Denes"]
[WhiteFideId "14142716"]
[BlackFideId "722340"]
[WhiteElo "2287"]
[BlackElo "2406"]
[Result "0-1"]
[Round "05"]
[TimeControl "180+2"]
[Date "2023.01.03"]
[WhiteClock "0:01:01"]
[BlackClock "0:01:01"]

1. e4 g6 2. d4 d5 3. exd5 Qxd5 4. c4 Qd8 5. Nc3 Bg7 6. Nf3 Nh6 7. Bd3 Nf5 8. Bxf5 Bxf5 9. O-O O-O 10. Bf4 Nc6 11. d5 Nb4 12. Qb3 a5 13. Ne1 b6 14. Nb5 c6 15. dxc6 Nxc6 16. Bc7 Qd2 17. Bxb6 a4 18. Qf3 Ne5 19. Qd1 Nxc4 20. Bd4 Rfd8 21. Nf3 Qxd1 22. Raxd1 Nxb2 23. Bxb2 Bxb2 24. Nfd4 Bg4 25. f3 Bd7 26. Rd2 Bxb5 27. Rxb2 Bxf1 28. Nc6 Rd1 29. Kf2 Bc4 0-1


[Site "https://www.chess.com"]

[Event "Titled Tuesday Blitz January 03 Late 2023"]
[White "Kobalia, Mikhail"]
[Black "Erzhanov, Arman"]
[WhiteFideId "4119150"]
[BlackFideId "4138821"]
[WhiteElo "2578"]
[BlackElo "2228"]
[Result "1-0"]
[Round "05"]
[TimeControl "180+2"]
[Date "2023.01.03"]
[WhiteClock "0:01:09"]
[BlackClock "0:00:10"]

1. e4 d6 2. d4 Nf6 3. Nc3 e5 4. Nf3 Nbd7 5. Bc4 Be7 6. O-O Nb6 7. Bb3 exd4 8. Nxd4 c5 9. Nf3 c4 10. Ba4+ Nxa4 11. Nxa4 Nxe4 12. Re1 d5 13. Be3 O-O 14. h3 b6 15. Bd4 Bb4 16. Nc3 Bxc3 17. bxc3 Re8 18. a4 Bd7 19. Ne5 f6 20. Ng4 Bxg4 21. Qxg4 Qc8 22. a5 Qxg4 23. hxg4 b5 24. a6 Kf7 25. f3 Nd6 26. Bc5 Rxe1+ 27. Rxe1 Nc8 28. Kf2 Rb8 29. Ke3 Ne7 30. Kd4 Nc6+ 31. Kxd5 Rc8 32. Re6 Rd8+ 33. Rd6 Ne7+ 34. Ke4 Rc8 35. Bxa7 Nc6 36. Bd4 Re8+ 37. Kd5 Nxd4 38. Kxd4 Ke7 39. Rb6 Rd8+ 40. Kc5 Rd1 41. a7 Ra1 42. Rb7+ Ke6 43. Kb6 g5 44. Rb8 h5 45. gxh5 Kf5 46. a8=Q Rxa8 47. Rxa8 Kf4 48. Rf8 1-0


[Site "https://www.chess.com"]

[Event "Titled Tuesday Blitz January 03 Late 2023"]
[White "Mendez Fortes, Eduardo Jesus"]
[Black "Bryakin, Mikhail"]
[WhiteFideId "3502376"]
[BlackFideId "4165314"]
[WhiteElo "2250"]
[BlackElo "2455"]
[Result "0-1"]
[Round "05"]
[TimeControl "180+2"]
[Date "2023.01.03"]
[WhiteClock "0:00:16"]
[BlackClock "0:00:39"]

1. e4 d5 2. exd5 Qxd5 3. Nc3 Qe5+ 4. Be2 Bg4 5. d4 Bxe2 6. Ngxe2 Qa5 7. O-O Nf6 8. h3 Nc6 9. Be3 O-O-O 10. Qe1 e5 11. dxe5 Qxe5 12. Ng3 Bb4 13. a3 Bxc3 14. bxc3 Nd5 15. Bd4 Qxe1 16. Rfxe1 f6 17. Nf5 g6 18. Ne3 Rhf8 19. Bc5 Rf7 20. c4 Nxe3 21. Bxe3 Ne5 22. c5 Nc6 23. Rad1 Rxd1 24. Rxd1 Rd7 25. Re1 Re7 26. Rd1 Re4 27. Rd3 Ne5 28. Rb3 Nc4 29. Rb4 f5 30. Bg5 Nxa3 31. Rb3 Nxc2 32. Rd3 Rd4 33. Rc3 Rd1+ 34. Kh2 Nd4 35. Re3 b5 36. cxb6 axb6 37. Re7 Nc6 38. Rxh7 b5 39. Bf4 Rd7 40. Rh6 Ne7 41. Bg5 b4 42. Rh8+ Kb7 43. Rh7 b3 44. Bf6 c5 45. Rg7 c4 46. h4 Kc8 47. Rf7 Nd5 48. Rf8+ Kb7 49. Be5 Nc7 50. Rg8 Na6 51. Rxg6 Rd5 52. Bc3 Rd3 53. Ba5 Rd5 54. Bc3 f4 55. Kh3 Nc5 56. Rg5 Rd3+ 57. f3 Kc6 58. Bf6 c3 59. Bxc3 Rxc3 60. h5 b2 61. h6 b1=Q 62. Kh2 Rc1 0-1


[Site "https://www.chess.com"]

[Event "Titled Tuesday Blitz January 03 Late 2023"]
[White "Slade, Theodore"]
[Black "Yuan, Qingyu"]
[WhiteFideId "426547"]
[BlackFideId "8609772"]
[WhiteElo "1995"]
[BlackElo "2373"]
[Result "0-1"]
[Round "05"]
[TimeControl "180+2"]
[Date "2023.01.03"]
[WhiteClock "0:00:05"]
[BlackClock "0:00:18"]

1. d4 d5 2. c4 e6 3. Nf3 Nf6 4. g3 Bb4+ 5. Bd2 Be7 6. Bg2 O-O 7. O-O Nbd7 8. Qc2 c6 9. Bf4 b6 10. Nbd2 Bb7 11. e4 dxc4 12. Nxc4 c5 13. Rfe1 cxd4 14. Nd6 Bxd6 15. Bxd6 Rc8 16. Qa4 Nc5 17. Qxd4 Re8 18. Ne5 Ncxe4 19. Rad1 Nxd6 20. Qxd6 Bd5 21. Qxd8 Rexd8 22. Bxd5 Nxd5 23. Rc1 Kf8 24. Kf1 a5 25. a3 h5 26. h4 g6 27. Ke2 Kg7 28. f4 Ne7 29. Rc4 Rxc4 30. Nxc4 Nd5 31. Ne3 Ne7 32. Nc4 Rc8 33. Nxb6 Rc2+ 34. Kf3 Rxb2 35. Nc4 Rc2 36. Nxa5 Nf5 37. Rg1 Rc5 38. Nb7 Rb5 39. Nd8 Rb3+ 40. Kf2 Rxa3 41. Nc6 Ra2+ 42. Kf3 Ra3+ 43. Kf2 Kf6 44. Ne5 Rc3 45. Nf3 Rc2+ 46. Kf1 Ra2 47. Rg2 Ne3+ 48. Kg1 Rxg2+ 49. Kh1 Rxg3 50. Ng5 Rxg5 51. hxg5+ Kf5 0-1


[Site "https://www.chess.com"]

[Event "Titled Tuesday Blitz January 03 Late 2023"]
[White "Rangel, Daniel"]
[Black "Borges Feria, Yasel"]
[WhiteFideId "2124475"]
[BlackFideId "3504921"]
[WhiteElo "2207"]
[BlackElo "2439"]
[Result "1/2-1/2"]
[Round "05"]
[TimeControl "180+2"]
[Date "2023.01.03"]
[WhiteClock "0:00:09"]
[BlackClock "0:00:07"]

1. c4 e6 2. g3 d5 3. Bg2 dxc4 4. Qa4+ Nd7 5. Qxc4 a6 6. Qc2 Ngf6 7. Nf3 Be7 8. O-O O-O 9. b3 Rb8 10. Bb2 c5 11. d4 b5 12. dxc5 Bxc5 13. Nc3 Bb7 14. e3 Rc8 15. Qe2 Qe7 16. a3 Rfd8 17. b4 Ba7 18. Rfd1 Nb6 19. Rxd8+ Rxd8 20. Rd1 Nc4 21. Rxd8+ Qxd8 22. Bc1 h6 23. Nd2 Bxg2 24. Kxg2 Ne5 25. Bb2 Ng6 26. Kg1 Qc7 27. Nde4 Nd7 28. Qd3 Qc6 29. Qd6 Nge5 30. Qxc6 Nxc6 31. Kf1 f5 32. Nd2 Kf7 33. Ke2 g5 34. Na2 g4 35. Nc1 h5 36. Nd3 e5 37. Nb3 Ke6 38. Nd2 Kd5 39. Nb1 Bb8 40. Kd2 e4 41. Nc1 Be5 42. Nc3+ Ke6 43. Kc2 Nb6 44. N3e2 Bxb2 45. Kxb2 Nd5 46. Na2 Ne5 47. Nac3 Nd3+ 48. Kc2 Nxf2 49. Nxd5 Kxd5 50. Nf4+ Ke5 51. Nxh5 Nd3 52. Nf4 Nxf4 53. gxf4+ Kd5 54. Kc3 Kc6 55. Kd4 Kd6 56. Kc3 Kd5 57. Kb3 Ke6 58. Kc3 Kf6 59. Kd4 Kg6 60. Ke5 Kh5 61. Kxf5 Kh4 62. Kxe4 Kh3 63. f5 Kxh2 64. f6 g3 65. f7 g2 66. f8=Q g1=Q 67. Qf3 Qb1+ 68. Kf4 Qb3 69. Qg3+ Kh1 70. e4 Qf7+ 71. Ke3 Qb3+ 72. Kf4 Qf7+ 73. Kg4 Qg7+ 74. Kf3 Qc3+ 75. Kg4 Qg7+ 76. Kf4 Qf6+ 77. Kg4 Qg7+ 1/2-1/2


[Site "https://www.chess.com"]

[Event "Titled Tuesday Blitz January 03 Late 2023"]
[White "Przybylski, Wojciech"]
[Black "Riehle, Marco"]
[WhiteFideId "1117599"]
[BlackFideId "12904392"]
[WhiteElo "2321"]
[BlackElo "2368"]
[Result "1-0"]
[Round "05"]
[TimeControl "180+2"]
[Date "2023.01.03"]
[WhiteClock "0:00:08"]
[BlackClock "0:00:02"]

1. e4 e5 2. Nf3 Nf6 3. Nc3 Nc6 4. Bb5 Bc5 5. O-O O-O 6. Re1 Re8 7. h3 a6 8. Bxc6 dxc6 9. d3 h6 10. Be3 Bf8 11. Qd2 c5 12. b3 b5 13. Ne2 Bb7 14. Ng3 c4 15. Nf5 cxd3 16. cxd3 Qd7 17. Rac1 Rad8 18. Red1 b4 19. Bc5 a5 20. Bxf8 Kxf8 21. Rc5 Nh5 22. Nxe5 Qe6 23. Qe2 Nf6 24. f4 Ba6 25. Rc6 Qc8 26. Qc2 Nd5 27. Qc5+ Kg8 28. g4 Nxf4 29. Rxc7 Qb8 30. Nxf7 Rxd3 31. N7xh6+ Kh8 32. Nf7+ Kg8 33. N7h6+ Kh8 34. Rxd3 Nxd3 35. Qd6 Re6 36. Qd7 Qb6+ 37. Kh1 Rg6 38. Qe8+ Kh7 39. Qg8# 1-0


[Site "https://www.chess.com"]